AoeStats
← About95babys

Arena

510211878Analyzed
1v1 RM · 4d ago on Sep 30, 2026· 42m 45s· 2 players
Game mode
Random Map
Map size
Tiny (2 player)
Population
200
Speed
Normal
Resources
Standard
Victory
Conquest
Starting age
Dark Age
Ending age
Imperial Age
RankedLock teamsTeams togetherTeam positionsShared explorationLock speedFull tech treeHidden civsTurbo modeCheats
Victory
Defeat
🇺🇸 Turks · United States
546
+18
🇺🇸 Japanese · United States
587
-18
About95babys
12:50 Feudal Age
20:14 Castle Age
18:24 Double-Bit Axe
18:29 Horse Collar
19:00 Gold Mining
19:34 Padded Archer Armor
20:40 Wheelbarrow
30:57 Imperial Age
29:16 Leather Archer Armor
31:08 Elite Janissary
32:11 Conscription
32:44 Ring Archer Armor
jewseejay
8:20 Loom
10:20 Feudal Age
14:07 Gold Mining
14:04 Town Watch
18:12 Castle Age
16:42 Horse Collar
17:06 Fletching
19:03 Double-Bit Axe
20:28 Bow Saw
22:04 Stone Mining
23:36 Wheelbarrow
26:06 Elite Skirmisher
30:25 Imperial Age
29:00 Masonry
29:48 Hand Cart
32:21 Gold Shaft Mining
33:48 Yasama
35:30 Thumb Ring
35:47 Conscription
35:38 Padded Archer Armor
38:36 Heavy Plow
40:15 Bloodlines
39:29 Cavalier
40:49 Bodkin Arrow
43:14 Scale Barding Armor
Connection lost

Rejoining the realm…

Still unreachable

The connection could not be restored.

Session expired

The server has moved on; the page needs a fresh start.